 Dungeon Crawl Stone Soup version 0.25.1-2-g60ff931df9 (webtiles) character file.

Game seed: 408412871128543284

485 Exodus22XD the Chopper (level 6, -3/56 HPs)
             Began as a Deep Dwarf Fighter on Nov 7, 2020.
             Killed by divine providence
             ... invoked by an orc priest
              (13 damage)
             ... on level 5 of the Dungeon.
             The game lasted 00:04:48 (2666 turns).

Exodus22XD the Chopper (Deep Dwarf Fighter)         Turns: 2666, Time: 00:04:49

Health: -3/56      AC: 11    Str: 21    XL:     6   Next: 88%
Magic:  3/3        EV:  8    Int:  9    God:
Gold:   155        SH: 10    Dex: 12    Spells: 5/5 levels left

rFire    . . .     SeeInvis .   a - +0 war axe
rCold    . . .     Gourm    .   c - +0 kite shield
rNeg     . . .     Faith    .   h - +4 ring mail
rPois    .         Spirit   .   l - +0 helmet
rElec    .         Reflect  .   t - scarf {repulsion}
rCorr    .         Harm     .   (no gloves)
MR       .....                  (no boots)
Stlth    +.........             g - amulet of inaccuracy (curse)
HPRegen  0.00/turn              (no ring)
MPRegen  0.08/turn              (no ring)

@: non-regenerating, repel missiles
A: damage resistance, heal wounds, sense surroundings 1, no regeneration
a: Heal Wounds


You were on level 5 of the Dungeon.
You were not hungry.

You visited 1 branch of the dungeon, and saw 5 of its levels.

You collected 155 gold pieces.

Inventory:

Hand Weapons
 a - a +0 war axe (weapon)
 q - a +0 flail
Armour
 b - a +0 scale mail
 c - a +0 kite shield (worn)
 h - a +4 ring mail (worn)
 l - a +0 helmet (worn)
 t - a scarf of repulsion (worn)
Jewellery
 g - a cursed amulet of inaccuracy (around neck)
Scrolls
 i - a scroll of identify
 m - 3 scrolls of teleportation
 n - a scroll of blinking
 o - 2 scrolls of enchant armour
 p - a scroll of immolation
 v - a scroll of remove curse {unknown}
 w - a scroll of noise {unknown}
Potions
 d - 3 potions of might
 e - 2 potions of curing
 j - 2 potions of brilliance {unknown}
 k - 2 potions of lignification {unknown}
 r - a potion of heal wounds {unknown}
 u - a potion of mutation {unknown}
Comestibles
 f - 11 rations
 s - 8 chunks of flesh


   Skills:
 + Level 3.5 Fighting
 + Level 5.6 Axes
 + Level 4.4 Armour
 + Level 0.4 Stealth
 + Level 5.2 Shields


You had 5 spell levels left.
You didn't know any spells.
Your spell library contained the following spells:

 Spells                   Type           Power        Failure   Level  Hunger
 Animate Skeleton         Necr           N/A          92%         1    ##.....
 Pain                     Necr           #...         92%         1    ##.....
 Vampiric Draining        Necr           #.........   100%        3    ####...
 Animate Dead             Necr           N/A          100%        4    #####..
 Agony                    Necr           #.......     100%        5    ######.


Dungeon Overview and Level Annotations

Branches:
Dungeon (5/15)
 Temple: D:4-7

Altars:
Okawaru
Yredelemnul

Shops:
D:4 (


Innate Abilities, Weirdness & Mutations

You are resistant to damage.
You can heal yourself by infusing magical energy.
You passively map a small area around you.
You do not regenerate.


Message History

The bullfrog skeleton hits you but does no damage.
The orc priest hits you but does no damage.
You closely miss the orc priest. You hit the bullfrog skeleton.
You block the bullfrog skeleton's attack.
The orc priest hits you but does no damage.
The bullfrog skeleton hits you but does no damage.
You closely miss the orc priest. You closely miss the bullfrog skeleton.
You block the bullfrog skeleton's attack.
The orc priest hits you but does no damage.
You miss the orc priest. You slash the bullfrog skeleton!
You destroy the bullfrog skeleton!
The orc priest invokes the aid of Beogh against you.
Beogh smites you!
* * * LOW HITPOINT WARNING * * *
The orc priest hits you but does no damage.
Unknown command.
You fail to use your ability.
You block the orc priest's attack.
The orc priest invokes the aid of Beogh against you.
Beogh smites you!
You die...

o........# *,#.#
....o....# ,* #.#
..o....# ,#.####
.ooo.# * #.รท..#
#...# # #..#.# #Z.#
#.#.####.#
#..########.#.#....##
#.o#.[....#.#.......#
##.#@####.#.###.###.#


#ooo# #.#.........# ##..####'#.##.###### * #.>.......##.# #.........'..#
#.........#### #.........# ########### You could see 3 orc priests.

Vanquished Creatures
  A bullfrog skeleton (D:5)
  A gnoll shaman (D:5)
  An orc wizard (D:4)
  2 iguanas
  A worker ant (D:4)
  A worker ant zombie (D:4)
  6 gnolls
  12 adders
  2 oozes
  5 worms
  3 dart slugs (D:1)
  2 leopard geckos
  18 orcs
  6 bats
  7 giant cockroaches
  5 goblins
  5 hobgoblins
  6 jackals (D:1)
  2 ball pythons
  12 frilled lizards
  A jackal skeleton (D:4)
  9 kobolds
  6 rats
  A spectral orc (D:5)
115 creatures vanquished.

Notes
Turn   | Place    | Note
-------+----------+-------------------------------------------
     0 | D:1      | Exodus22XD the Deep Dwarf Fighter began the quest for the
                  | Orb.
     0 | D:1      | Reached XP level 1. HP: 20/20 MP: 1/1
    20 | D:1      | Reached XP level 2. HP: 25/27 MP: 2/2
   151 | D:1      | Reached XP level 3. HP: 28/33 MP: 3/3
   696 | D:2      | Reached XP level 4. HP: 25/42 MP: 4/4
  1002 | D:3      | Reached XP level 5. HP: 35/49 MP: 3/3
  1570 | D:3      | Found an iron altar of Okawaru.
  1786 | D:4      | Found Hyzy's Weapon Shop.
  1979 | D:4      | Reached XP level 6. HP: 42/56 MP: 4/4
  2030 | D:4      | Reached skill level 5 in Axes
  2526 | D:5      | Entered Level 5 of the Dungeon
  2535 | D:5      | Reached skill level 5 in Shields
  2552 | D:5      | Found a basalt altar of Yredelemnul.
  2666 | D:5      | Killed from afar by an orc priest

Illustrated notes

Levels and vault maps discovered:
D:1:      minmay_arrival_diagonal_passages, layout_rooms, minmay_lizard_pond
D:2:      layout_rooms
D:3:      layout_basic, nicolae_overflow_crystal_walls, serial_forest,
          infiniplex_forest_join, infiniplex_forest_corner_1,
          infiniplex_forest_clump_C, infiniplex_forest_straight_3,
          infiniplex_forest_end_2, infiniplex_forest_lined_3_way,
          kennysheep_generic_room_7
D:4:      layout_basic, serial_shops, shop, hex_tiny
D:5:      layout_basic, yredelemnul_forgotten_temple_becter,
          minmay_temple_entry_mini_moons, first_ration

Skill      XL: |  1  2  3  4  5  6 |
---------------+-------------------+-----
Fighting       | 3 |  3.5
Axes           | 3 4 5 |  5.6
Shields        | 4 5 |  5.2
Armour         | 4 |  4.4
Stealth        | |  0.4

Action                   |  1- 3 |  4- 6 || total
-------------------------+-------+-------++-------
Melee: War axe           |    85 |   314 ||   399
 Abil: Heal Wounds       |       |     6 ||     6
  Use: Scroll            |       |     6 ||     6
  Eat: Chunk             |       |     7 ||     7
Armor: Scale mail        |    52 |    99 ||   151
       Ring mail         |       |    52 ||    52
Dodge: Dodged            |    31 |   105 ||   136
Block: Kite shield       |    74 |   201 ||   275
